 Dungeon Crawl Stone Soup version 0.20.0 (webtiles) character file.

855 BrendanD the Skirmisher (level 7, -2/60 HPs)
             Began as a Demonspawn Abyssal Knight on June 8, 2017.
             Was a Priest of Lugonu.
             Slain by a slave (4 damage)
             ... led by Pikel
             ... on level 4 of the Dungeon.
             The game lasted 00:12:30 (3694 turns).

BrendanD the Skirmisher (Demonspawn Abyssal Knight) Turns: 3694, Time: 00:12:31

Health: -2/60      AC:  6    Str: 15    XL:     7   Next: 70%
Magic:  0/8        EV: 11    Int: 13    God:    Lugonu [***...]
Gold:   197        SH:  0    Dex: 12    Spells: 6/6 levels left

rFire    . . .     SeeInvis .   a - +1 falchion
rCold    + . .     Gourm    .   (no shield)
rNeg     . . .     Faith    .   b - +0 leather armour
rPois    +         Spirit   +   (no helmet)
rElec    .         Reflect  .   (no cloak)
rCorr    .         Harm     .   l - +0 pair of gloves
MR       .....                  (no boots)
Stlth    ++........             (no amulet)
Regen    0.2/turn               m - ring of poison resistance
MPRegen  0.2/turn               w - ring of stealth

@: no status effects
A: talons 1, icy blue scales 1, cold resistance 1, magic shield
a: Depart the Abyss, Bend Space, Banish, Renounce Religion


You were on level 4 of the Dungeon.
You worshipped Lugonu.
Lugonu was most pleased with you.
You were not hungry.

You visited 1 branch of the dungeon, and saw 5 of its levels.
You visited the Abyss 1 time.

You collected 197 gold pieces.

Inventory:

Hand Weapons
 a - a +1 falchion (weapon)
 y - the +2 hunting sling "Weimef" {velocity, *Slow Int+9}
   (You found it on level 4 of the Dungeon)

   Any stone fired from it inflicts extra damage.
   It affects your intelligence (+9).
   It may slow you when you take damage.
Armour
 b - a +0 leather armour (worn)
 l - a +0 pair of gloves (worn)
Jewellery
 m - a ring of poison resistance (left hand)
 r - a cursed amulet of regeneration {unknown}
 w - a ring of stealth (right hand)
Scrolls
 d - 3 scrolls of immolation {!r}
 e - 3 scrolls of recharging
 g - a scroll of enchant armour {unknown}
 k - a scroll of fear
 o - 3 scrolls of magic mapping
 u - a scroll of amnesia
 x - a scroll of random uselessness {unknown}
Potions
 j - a potion of magic
 n - 2 potions of cancellation
Comestibles
 c - 4 bread rations
 h - 5 fruits


   Skills:
 * Level 7.1 Fighting
 + Level 5.6 Long Blades
 - Level 1.7 Armour
 - Level 0.8 Dodging
 - Level 2.4 Invocations


You had 6 spell levels left.
You didn't know any spells.

Dungeon Overview and Level Annotations

Branches:
Dungeon (5/15)
 Temple: D:4-7

Altars:
Kikubaaqudgha
Ru
The Shining One

Shops:
D:4 :

Annotations:
D:5 Eustachio


Innate Abilities, Weirdness & Mutations

You have sharp toenails.
You are partially covered in icy blue scales. (AC +2)
Your flesh is cold resistant. (rC+)
When hurt, damage is shared between your health and your magic reserves.


Message History

Okay, then.
Unknown command.
You eat the royal jelly.
That royal jelly was delicious!
The slave closely misses you.
You riposte.
You barely miss the slave. You claw the slave, but do no damage.
Unknown command.
You closely miss the slave. The slave barely misses you.
You hit the slave. You claw the slave, but do no damage. The slave hits you.
* * * LOW HITPOINT WARNING * * *
You hit the slave. The slave hits you but does no damage.
You hit the slave. Your kick misses the slave. The slave hits you.
* * * LOW HITPOINT WARNING * * *
You hit the slave. You claw the slave, but do no damage.
The slave hits you but does no damage.
You hit the slave. The slave hits you.
You closely miss the slave. Your kick misses the slave.
The slave hits you but does no damage.
You hit the slave. The slave barely misses you.
You riposte.
You hit the slave. You barely miss the slave. The slave hits you.
You die...

∩..##.#.......#.#.# #.#
...##.#.......#.#.# #.#
...##.#.#######.#.# #.#
'####.#.........#.# #.#
....#.#.........#.# #.#
....#.#.........#.#######.#
.)....#.........#.......#.#
...##.#........p#######.#.#
.....<..........@# #.#.#
#####............# #.#.#
.................# #.#.#
######..#######..# #.#.#
........# #..# #.#.######
[...##.## #..# #.#.#....#
.......# #..# #.#.#.#.##
###.##.# #..# #.#.#.#.#
#..#.# #..# #.#.#.#.#


You could see a slave.

Vanquished Creatures
  The ghost of Geoffrax the Bolt Thrower, a novice DgHu (D:4)
  2 ogres (D:5)
  A scorpion (D:4)
  2 vampire bats (D:3)
  A hound (D:4)
  2 worker ants (D:4)
  An orc wizard (D:5)
  A hound skeleton (D:4)
  8 adders
  A shadow imp (D:4)
  A worm (D:2)
  A dart slug (D:2)
  3 leopard geckos
  8 orcs
  2 bat skeletons (D:3)
  3 bat zombies (D:3)
  4 giant cockroaches
  3 goblins
  2 hobgoblins
  3 jackals (D:3)
  2 ball pythons
  4 bats
  5 frilled lizards
  6 kobolds
  5 rats
72 creatures vanquished.

Notes
Turn   | Place    | Note
-------+----------+-------------------------------------------
     0 | Abyss:1  | BrendanD the Demonspawn Abyssal Knight began the quest for the Orb.
     0 | Abyss:1  | Reached XP level 1. HP: 18/18 MP: 2/2
    34 | Abyss:1  | Found a sacrificial altar of Ru.
    61 | Abyss:1  | Noticed a seven-headed hydra skeleton
    64 | Abyss:1  | Noticed an iron imp
    75 | D:1      | Escaped the Abyss
   849 | D:2      | Gained mutation: When hurt, damage is shared between your health and your magic reserves. [demonic ancestry]
   849 | D:2      | Reached XP level 2. HP: 24/24 MP: 3/3
  1046 | D:2      | Reached skill level 4 in Fighting
  1056 | D:2      | Gained mutation: You are partially covered in icy blue scales. (AC +2) [demonic ancestry]
  1056 | D:2      | Reached XP level 3. HP: 23/30 MP: 4/4
  1371 | D:2      | Reached ** piety under Lugonu
  1451 | D:3      | Reached XP level 4. HP: 34/38 MP: 3/5
  1712 | D:3      | Found an ancient bone altar of Kikubaaqudgha.
  1732 | D:3      | Gained mutation: Your flesh is cold resistant. (rC+) [demonic ancestry]
  1732 | D:3      | Reached XP level 5. HP: 25/43 MP: 4/6
  1957 | D:3      | Reached skill level 5 in Fighting
  2313 | D:4      | Got a crude hunting sling
  2314 | D:4      | Identified the +2 hunting sling "Weimef" {velocity, *Slow Int+9} (You found it on level 4 of the Dungeon)
  2362 | D:4      | HP: 2/44 [scorpion (2)]
  2369 | D:4      | Reached XP level 6. HP: 29/51 MP: 7/7
  2551 | D:4      | Reached *** piety under Lugonu
  2615 | D:4      | Noticed Geoffrax's ghost (novice DgHu)
  2666 | D:4      | Killed Geoffrax's ghost
  2666 | D:4      | Reached skill level 6 in Fighting
  2666 | D:4      | Reached skill level 5 in Long Blades
  2666 | D:4      | Gained mutation: You have sharp toenails. [demonic ancestry]
  2666 | D:4      | Reached XP level 7. HP: 14/59 MP: 0/8
  2960 | D:4      | Found a sacrificial altar of Ru.
  2961 | D:4      | Found a glowing golden altar of the Shining One.
  3054 | D:4      | Found Nucezav's Book Boutique.
  3302 | D:5      | Entered Level 5 of the Dungeon
  3321 | D:5      | Reached skill level 7 in Fighting
  3578 | D:5      | Noticed Eustachio
  3658 | D:5      | HP: 3/60 [slave[Pikel] (6)]
  3668 | D:5      | HP: 1/60 [slave[Pikel] (4)]
  3675 | D:5      | HP: 1/60 [slave[Pikel] (1)]
  3687 | D:4      | HP: 3/60 [slave[Pikel] (1)]
  3689 | D:4      | HP: 1/60 [slave[Pikel] (2)]
  3694 | D:4      | Slain by a slave

Skill      XL: |  1  2  3  4  5  6  7 |
---------------+----------------------+-----
Fighting       | 4 5 6 7 |  7.1
Long Blades    | 2 3 4 5 |  5.6
Armour         | |  1.7
Dodging        | |  0.8
Invocations    | |  2.4

Action                   |  1- 3 |  4- 6 |  7- 9 || total
-------------------------+-------+-------+-------++-------
Melee: Falchion          |    83 |   201 |   111 ||   395
       Kick              |       |       |    33 ||    33
  Use: Scroll            |       |     7 |     1 ||     8
       Potion            |       |    11 |     2 ||    13
 Stab: Sleeping          |     1 |     2 |     1 ||     4
  Eat: Chunk             |     2 |     4 |     2 ||     8
       Royal jelly       |       |       |     1 ||     1
Armor: Leather armour    |    29 |    86 |    50 ||   165
       Skin              |       |     9 |       ||     9
Dodge: Dodged            |    52 |   138 |    66 ||   256
       Rpst.: Falchion   |    18 |    47 |    18 ||    83
